Senators vs Punishers
Created - 14 octobre 2015 at 23:17
Goals
|
| Senators |
0 |
3 |
5 |
8 |
| Punishers |
2 |
3 |
0 |
5 |
|
Shots
|
| Senators |
15 |
6 |
17 |
38 |
| Punishers |
13 |
17 |
10 |
40 |
|
1st period
1. Punishers , Adam McQuaid 1 (Tim Jackman, Éric Perrin) at 7:35 (PP)
2. Punishers , Éric Perrin 1 (Tim Jackman, Tanner Glass) at 15:26
Penalties :
Milan Jurcina (BIN) for Hooking (Minor) at 7:25, Nate Prosser (Pro) for Interference (Minor) at 17:57, Logan Stephenson (BIN) for High sticking (Minor) at 18:01
2nd period
3. Senators , Mark Olver 1 (Jack Skille, Milan Jurcina) at 0:48
4. Senators , Nikita Alexeev 3 (Vernon Fiddler) at 2:12 (PP)
5. Senators , Gabriel Bourque 2 (Logan Stephenson, Stanislav Chistov) at 5:38
6. Punishers , Adam Pineault 4 (Justin Falk, Nate Prosser) at 10:47
7. Punishers , Nate Prosser 1 (Justin Falk, Tanner Glass) at 14:15
8. Punishers , Casey Cizikas 1 (Simon Despres) at 19:33
Penalties :
Michael Ferland (Pro) for Roughing (Minor) at 2:07, Stanislav Chistov (BIN) for Hooking (Minor) at 2:55, Casey Cizikas (Pro) for Hooking (Minor) at 7:19, Milan Jurcina (BIN) for Hooking (Minor) at 8:43
3rd period
9. Senators , Stanislav Chistov 3 (Cody Hodgson) at 2:07
10. Senators , Milan Jurcina 1 (Logan Stephenson) at 4:11 (PP)
11. Senators , Gabriel Bourque 3 (Mark Olver) at 7:53
12. Senators , Nick Bjugstad 1 (Nicolas Deslauriers, Jaden Schwartz) at 10:38
13. Senators , Cody Hodgson 2 (Stanislav Chistov) at 16:54 (PP)
Penalties :
Tanner Glass (Pro) for Slashing (Minor) at 3:18, Gabriel Bourque (BIN) for Roughing (Minor) at 5:48, Tanner Glass (Pro) for Holding (Minor) at 11:01, Adam Pineault (Pro) for Hooking (Minor) at 15:01
Goalie Stats
Jonas Gustavsson (BIN), 35 saves from 40 shots - (0,875), W, 2-2-1, 60:00 minutes
Niklas Svedberg (Pro), 30 saves from 38 shots - (0,789), L, 0-1-0, 60:00 minutes
Players Stats for Senators
Player Name G A P +/- PIM S H SB GA TA FO MP PP MP PK MP
------------------------------------------------------------------------------------
Brett Sterling 0 0 0 2 0 0 3 0 0 0 0/0 17:31 3:19 1:03
Cody Hodgson 1 1 2 0 0 4 1 0 1 0 6/13 17:56 3:19 1:26
Gabriel Bourque 2 0 2 1 2 6 1 0 0 1 1/1 12:03 0:00 0:39
Jack Skille 0 1 1 0 0 2 1 0 0 1 0/0 11:00 0:06 0:03
Jaden Schwartz 0 1 1 1 0 3 0 0 0 0 0/0 6:34 0:00 0:00
Logan Stephenson 0 2 2 -1 2 2 1 0 0 1 0/1 28:25 4:57 2:55
Mark Olver 1 1 2 0 0 3 2 0 0 1 3/5 11:00 0:06 0:03
Martin Marincin 0 0 0 -1 0 0 4 1 0 0 0/0 20:11 1:20 2:40
Matt Frattin 0 0 0 1 0 2 0 0 1 0 0/1 6:40 0:06 0:00
Milan Jurcina 1 1 2 0 4 4 2 2 0 0 0/0 28:42 4:57 2:12
Nick Bjugstad 1 0 1 1 0 1 2 0 0 0 1/2 6:58 0:00 0:24
Nicolas Deslauriers 0 1 1 2 0 0 0 0 0 0 0/0 10:56 0:00 0:17
Nikita Alexeev 1 0 1 -1 0 5 1 2 1 0 0/0 22:43 2:53 3:04
Ryan Hegarty 0 0 0 2 0 0 2 2 0 1 0/0 11:59 0:00 0:28
Sergei Kostitsyn 0 0 0 -2 0 2 2 0 0 1 0/1 19:50 2:53 1:26
Shane Sims 0 0 0 -1 0 0 2 2 0 2 0/0 20:11 1:20 2:40
Stanislav Chistov 1 2 3 2 2 3 1 0 1 1 0/1 16:27 3:19 0:00
Vernon Fiddler 0 1 1 -1 0 1 3 2 1 0 21/44 22:43 2:53 3:04
Players Stats for Punishers
Player Name G A P +/- PIM S H SB GA TA FO MP PP MP PK MP
------------------------------------------------------------------------------------
Adam McQuaid 1 0 1 -3 0 1 1 0 0 2 0/0 22:21 3:00 2:46
Adam Pineault 1 0 1 1 2 5 0 1 0 0 1/1 14:20 1:48 0:00
Alex Petrovic 0 0 0 1 0 0 0 1 0 0 0/0 9:20 0:00 0:12
Bryan Rust 0 0 0 0 0 2 0 0 1 0 0/0 8:44 0:00 0:00
Casey Cizikas 1 0 1 0 2 5 0 0 1 0 0/2 10:48 0:55 1:10
Éric Perrin 1 1 2 0 0 3 2 0 0 0 25/44 23:42 2:50 3:43
Erik Condra 0 0 0 -2 0 3 2 1 0 0 0/1 9:11 0:19 0:00
Justin Falk 0 2 2 1 0 1 0 2 0 2 0/0 29:00 2:36 3:32
Kris Chucko 0 0 0 0 0 2 3 0 1 1 0/1 17:33 2:36 1:43
Luke Adam 0 0 0 -1 0 3 0 0 0 0 1/4 9:07 0:10 0:00
Michael Ferland 0 0 0 0 2 1 0 0 0 0 0/1 9:37 0:00 0:52
Mike Weber 0 0 0 -3 0 0 1 3 1 0 0/0 21:44 3:00 2:38
Nate Prosser 1 1 2 1 2 4 0 1 1 0 0/0 28:01 2:39 3:28
Petteri Nokelainen 0 0 0 1 0 0 1 0 1 0 6/11 14:51 1:48 0:28
Radek Smolenak 0 0 0 -2 0 1 0 0 0 0 0/0 8:52 0:00 0:00
Simon Despres 0 1 1 1 0 1 2 0 0 0 0/0 9:36 0:00 0:00
Tanner Glass 0 2 2 0 4 5 1 0 2 0 2/2 20:37 3:29 0:57
Tim Jackman 0 2 2 0 0 3 2 1 1 0 2/2 23:42 2:50 3:43
3 Stars
1 - Stanislav Chistov (BIN)
2 - Gabriel Bourque (BIN)
3 - Mark Olver (BIN)
Power Play
Senators - 3 on 6 Attempt(s) - 50,00%
Punishers - 1 on 5 Attempt(s) - 20,00%
Penalty Kill
Senators - 4 on 5 Attempt(s) - 80,00%
- Score 0 goal in Penalty Kill
Punishers - 3 on 6 Attempt(s) - 50,00%
- Score 0 goal in Penalty Kill
Team Stat
Senators - Hits : 28 - Faceoff Wins : 32 - Blocked Shots : 11 - Penalty Minutes : 10
Punishers - Hits : 15 - Faceoff Wins : 37 - Blocked Shots : 10 - Penalty Minutes : 12
Official
Referees : Auger Stephane and Pollock Kevin
Linesman : Tony Sericolo and Mike Cvik
Game Notes
No Game Note
Finance
Level 1 -- Attendance: 1396 (69,80%) -- Ticket Income 48 860 $
Level 2 -- Attendance: 723 (72,30%) -- Ticket Income 10 845 $
Total Attendance: 2119 (70,63%)
Total Ticket Income: 59 705 $
Other Income: 2 985 $
Total Income: 62 690 $
Senators
5 vs 5 Forward
Center Left Wing Right Wing Time % Phy DF OF
1 Vernon Fiddler Sergei Kostitsyn Nikita Alexeev 38 1 2 2
2 Cody Hodgson Brett Sterling Stanislav Chistov 30 1 2 2
3 Mark Olver Gabriel Bourque Jack Skille 20 1 2 2
4 Nick Bjugstad Jaden Schwartz Matt Frattin 12 1 2 2
5 vs 5 Defense
Defense Defense Time % Phy DF OF
1 Milan Jurcina Logan Stephenson 40 1 2 2
2 Shane Sims Martin Marincin 30 1 2 2
3 Ryan Hegarty Nicolas Deslauriers 20 1 2 2
4 Milan Jurcina Logan Stephenson 10 1 2 2
PowerPlay Forward
Center Left Wing Right Wing Time % Phy DF OF
1 Vernon Fiddler Sergei Kostitsyn Nikita Alexeev 60 1 2 2
2 Cody Hodgson Brett Sterling Stanislav Chistov 40 1 2 2
PowerPlay Defense
Defense Defense Time % Phy DF OF
1 Milan Jurcina Logan Stephenson 60 1 2 2
2 Shane Sims Martin Marincin 40 1 2 2
Penalty Kill 4 Players Forward
Center Wing Time % Phy DF OF
1 Vernon Fiddler Nikita Alexeev 60 1 2 2
2 Cody Hodgson Sergei Kostitsyn 40 1 2 2
Penalty Kill 4 Players Defense
Defense Defense Time % Phy DF OF
1 Milan Jurcina Logan Stephenson 60 1 2 2
2 Shane Sims Martin Marincin 40 1 2 2
Penalty Kill - 3 Players Forward
Forward Time % Phy DF OF
1 Vernon Fiddler 60 1 2 2
2 Nikita Alexeev 40 1 2 2
Penalty Kill - 3 Players Defense
Defense Defense Time % Phy DF OF
1 Milan Jurcina Logan Stephenson 60 1 2 2
2 Shane Sims Martin Marincin 40 1 2 2
4 vs 4 Forward
Center Wing Time % Phy DF OF
1 Vernon Fiddler Nikita Alexeev 60 1 2 2
2 Cody Hodgson Sergei Kostitsyn 40 1 2 2
4 vs 4 Defense
Defense Defense Time % Phy DF OF
1 Milan Jurcina Logan Stephenson 60 1 2 2
2 Shane Sims Martin Marincin 40 1 2 2
Last Minutes Offensive
Center Left Wing Right Wing Defense Defense
Vernon Fiddler Sergei Kostitsyn Nikita Alexeev Milan Jurcina Logan Stephenson
Last Minutes Defensive
Center Left Wing Right Wing Defense Defense
Vernon Fiddler Sergei Kostitsyn Nikita Alexeev Milan Jurcina Logan Stephenson
Goaltenders
Starting : Jonas Gustavsson
Backup : Alexander Salak
Extra Forwards
Normal : Jack Skille, Mark Olver, Gabriel Bourque - PP : Jack Skille, Mark Olver - PK : Gabriel Bourque
Extra Defensemen
Normal : Ryan Hegarty, Nicolas Deslauriers, Shane Sims - PP : Ryan Hegarty - PK : Nicolas Deslauriers, Shane Sims
Penalty Shots
Vernon Fiddler, Nikita Alexeev, Stanislav Chistov, Sergei Kostitsyn, Cody Hodgson
Punishers
5 vs 5 Forward
Center Left Wing Right Wing Time % Phy DF OF
1 Éric Perrin Tanner Glass Tim Jackman 40 1 2 2
2 Petteri Nokelainen Kris Chucko Adam Pineault 30 1 2 2
3 Luke Adam Radek Smolenak Erik Condra 20 1 2 2
4 Casey Cizikas Michael Ferland Bryan Rust 10 1 2 2
5 vs 5 Defense
Defense Defense Time % Phy DF OF
1 Nate Prosser Justin Falk 40 1 2 2
2 Mike Weber Adam McQuaid 30 1 2 2
3 Simon Despres Alex Petrovic 20 1 2 2
4 Nate Prosser Justin Falk 10 1 2 2
PowerPlay Forward
Center Left Wing Right Wing Time % Phy DF OF
1 Éric Perrin Tanner Glass Tim Jackman 60 1 2 2
2 Petteri Nokelainen Kris Chucko Adam Pineault 40 1 2 2
PowerPlay Defense
Defense Defense Time % Phy DF OF
1 Nate Prosser Justin Falk 60 1 2 2
2 Mike Weber Adam McQuaid 40 1 2 2
Penalty Kill 4 Players Forward
Center Wing Time % Phy DF OF
1 Éric Perrin Tim Jackman 60 1 2 2
2 Tanner Glass Kris Chucko 40 1 2 2
Penalty Kill 4 Players Defense
Defense Defense Time % Phy DF OF
1 Nate Prosser Justin Falk 60 1 2 2
2 Mike Weber Adam McQuaid 40 1 2 2
Penalty Kill - 3 Players Forward
Forward Time % Phy DF OF
1 Éric Perrin 60 1 2 2
2 Tim Jackman 40 1 2 2
Penalty Kill - 3 Players Defense
Defense Defense Time % Phy DF OF
1 Nate Prosser Justin Falk 60 1 2 2
2 Mike Weber Adam McQuaid 40 1 2 2
4 vs 4 Forward
Center Wing Time % Phy DF OF
1 Éric Perrin Tim Jackman 60 1 2 2
2 Tanner Glass Kris Chucko 40 1 2 2
4 vs 4 Defense
Defense Defense Time % Phy DF OF
1 Nate Prosser Justin Falk 60 1 2 2
2 Mike Weber Adam McQuaid 40 1 2 2
Last Minutes Offensive
Center Left Wing Right Wing Defense Defense
Éric Perrin Tanner Glass Tim Jackman Nate Prosser Justin Falk
Last Minutes Defensive
Center Left Wing Right Wing Defense Defense
Éric Perrin Tanner Glass Tim Jackman Nate Prosser Justin Falk
Goaltenders
Starting : Niklas Svedberg
Backup : Kevin Poulin
Extra Forwards
Normal : Erik Condra, Luke Adam, Casey Cizikas - PP : Erik Condra, Luke Adam - PK : Casey Cizikas
Extra Defensemen
Normal : Simon Despres, Alex Petrovic, Mike Weber - PP : Simon Despres - PK : Alex Petrovic, Mike Weber
Penalty Shots
Éric Perrin, Tim Jackman, Tanner Glass, Kris Chucko, Adam Pineault
% Time on Ice - Senators
Lines # - Real PCT - Wanted PCT - Time Play
Normal Forward
1 - 35% - 38% - 15:51
2 - 27% - 30% - 12:30
3 - 23% - 20% - 10:41
4 - 14% - 12% - 6:34
Normal Defense
1 - 39% - 40% - 17:58
2 - 34% - 30% - 15:26
3 - 21% - 20% - 9:46
4 - 5% - 10% - 2:26
PP Forward
1 - 47% - 60% - 2:59
2 - 53% - 40% - 3:19
PP Defense
1 - 79% - 60% - 4:58
2 - 21% - 40% - 1:20
PK Forward
1 - 74% - 60% - 4:10
2 - 26% - 40% - 1:26
PK Defense
1 - 52% - 60% - 2:56
2 - 48% - 40% - 2:40
PK3 Forward
1 - 0% - 60%
2 - 0% - 40%
PK3 Defense
1 - 0% - 60%
2 - 0% - 40%
44 Forward
1 - 73% - 60% - 1:49
2 - 27% - 40% - 0:41
44 Defense
1 - 70% - 60% - 1:45
2 - 30% - 40% - 0:45
Last Minute Offensive - 0:00
Last Minute Defensive - 0:00
Total
Forward - 60:00
Defense - 60:00
|
% Time on Ice - Punishers
Lines # - Real PCT - Wanted PCT - Time Play
Normal Forward
1 - 34% - 40% - 15:27
2 - 28% - 30% - 12:33
3 - 19% - 20% - 8:52
4 - 19% - 10% - 8:44
Normal Defense
1 - 43% - 40% - 19:29
2 - 33% - 30% - 14:55
3 - 19% - 20% - 8:39
4 - 6% - 10% - 2:33
PP Forward
1 - 51% - 60% - 2:50
2 - 49% - 40% - 2:46
PP Defense
1 - 46% - 60% - 2:36
2 - 54% - 40% - 3:00
PK Forward
1 - 73% - 60% - 4:35
2 - 27% - 40% - 1:43
PK Defense
1 - 58% - 60% - 3:40
2 - 42% - 40% - 2:38
PK3 Forward
1 - 0% - 60%
2 - 0% - 40%
PK3 Defense
1 - 0% - 60%
2 - 0% - 40%
44 Forward
1 - 69% - 60% - 1:44
2 - 31% - 40% - 0:46
44 Defense
1 - 53% - 60% - 1:19
2 - 47% - 40% - 1:11
Last Minute Offensive - 0:00
Last Minute Defensive - 0:00
Total
Forward - 60:00
Defense - 60:00
|
Play by Play
1st period
0:01 of 1st period - Vernon Fiddler wins face-off versus Éric Perrin in neutral zone.
1:18 of 1st period - Slapshot by Casey Cizikas.
1:18 of 1st period - Stopped by Jonas Gustavsson with a rebound.
1:20 of 1st period - Snap shot by Bryan Rust.
1:20 of 1st period - Shot Blocked by Shane Sims.
1:30 of 1st period - Tim Jackman is hit by Shane Sims.
1:54 of 1st period - Snap shot by Kris Chucko.
1:54 of 1st period - Stopped by Jonas Gustavsson without a rebound.
1:55 of 1st period - Cody Hodgson wins face-off versus Luke Adam in Senators zone.
2:20 of 1st period - Tim Jackman is hit by Martin Marincin and loses puck.
4:01 of 1st period - Tim Jackman is hit by Gabriel Bourque and loses puck.
4:06 of 1st period - Wrist shot by Gabriel Bourque.
4:06 of 1st period - Stopped by Niklas Svedberg without a rebound.
4:07 of 1st period - Mark Olver wins face-off versus Petteri Nokelainen in Punishers zone.
4:28 of 1st period - Kris Chucko is hit by Mark Olver and loses puck.
4:45 of 1st period - Slapshot by Gabriel Bourque.
4:45 of 1st period - Shot Blocked by Mike Weber.
4:53 of 1st period - Petteri Nokelainen is hit by Jack Skille and loses puck.
4:58 of 1st period - Snap shot by Gabriel Bourque.
4:58 of 1st period - Stopped by Niklas Svedberg with a rebound.
5:16 of 1st period - Wrist shot by Mark Olver.
5:16 of 1st period - Stopped by Niklas Svedberg with a rebound.
5:22 of 1st period - Shane Sims is hit by Kris Chucko and loses puck.
5:31 of 1st period - Snap shot by Kris Chucko.
5:31 of 1st period - Deflect By Adam Pineault.
5:31 of 1st period - Shot Blocked by Shane Sims.
5:31 of 1st period - Puck is out of play.
5:32 of 1st period - Éric Perrin wins face-off versus Vernon Fiddler in Senators zone.
5:33 of 1st period - Wrist shot by Tanner Glass.
5:33 of 1st period - Stopped by Jonas Gustavsson with a rebound.
5:39 of 1st period - Nate Prosser is hit by Vernon Fiddler.
5:57 of 1st period - Erik Condra is hit by Logan Stephenson and loses puck.
6:02 of 1st period - Slapshot by Stanislav Chistov.
6:02 of 1st period - Shot Misses the Net.
6:04 of 1st period - Wrist shot by Stanislav Chistov.
6:04 of 1st period - Shot Misses the Net.
6:06 of 1st period - Backhand shot by Stanislav Chistov.
6:06 of 1st period - Shot Misses the Net.
6:08 of 1st period - Wrist shot by Cody Hodgson.
6:08 of 1st period - Shot Misses the Net.
6:22 of 1st period - Wrist shot by Casey Cizikas.
6:22 of 1st period - Shot Blocked by Ryan Hegarty.
6:38 of 1st period - Slapshot by Nikita Alexeev.
6:38 of 1st period - Stopped by Niklas Svedberg with a rebound.
7:25 of 1st period - Minor Penalty to Milan Jurcina for Hooking.
7:26 of 1st period - Éric Perrin wins face-off versus Vernon Fiddler in Senators zone.
7:33 of 1st period - Wrist shot by Tim Jackman.
7:33 of 1st period - Stopped by Jonas Gustavsson with a rebound.
7:35 of 1st period - Slapshot by Adam McQuaid.
7:35 of 1st period - Goal by Adam McQuaid - Senators : 0 - Punishers : 1.
7:36 of 1st period - Vernon Fiddler wins face-off versus Éric Perrin in neutral zone.
7:40 of 1st period - Off-side.
7:41 of 1st period - Vernon Fiddler wins face-off versus Éric Perrin in neutral zone.
8:46 of 1st period - Snap shot by Tanner Glass.
8:46 of 1st period - Shot Misses the Net.
8:48 of 1st period - Backhand shot by Tanner Glass.
8:48 of 1st period - Deflect By Tim Jackman.
8:48 of 1st period - Stopped by Jonas Gustavsson without a rebound.
8:49 of 1st period - Adam Pineault wins face-off versus Cody Hodgson in Senators zone.
9:16 of 1st period - Adam McQuaid is hit by Vernon Fiddler and loses puck.
9:41 of 1st period - Slapshot by Casey Cizikas.
9:41 of 1st period - Stopped by Jonas Gustavsson with a rebound.
9:43 of 1st period - Slapshot by Simon Despres.
9:43 of 1st period - Deflect By Casey Cizikas.
9:43 of 1st period - Shot Blocked by Vernon Fiddler.
9:43 of 1st period - Puck is out of play.
9:44 of 1st period - Cody Hodgson wins face-off versus Casey Cizikas in Senators zone.
10:32 of 1st period - Slapshot by Nate Prosser.
10:32 of 1st period - Deflect By Luke Adam.
10:32 of 1st period - Shot Blocked by Martin Marincin.
10:32 of 1st period - Puck is out of play.
10:33 of 1st period - Vernon Fiddler wins face-off versus Luke Adam in Senators zone.
10:38 of 1st period - Wrist shot by Sergei Kostitsyn.
10:38 of 1st period - Stopped by Niklas Svedberg with a rebound.
10:56 of 1st period - Snap shot by Luke Adam.
10:56 of 1st period - Stopped by Jonas Gustavsson without a rebound.
10:57 of 1st period - Éric Perrin wins face-off versus Stanislav Chistov in Senators zone.
11:10 of 1st period - Backhand shot by Cody Hodgson.
11:10 of 1st period - Shot Blocked by Justin Falk.
11:52 of 1st period - Slapshot by Vernon Fiddler.
11:52 of 1st period - Shot Misses the Net.
12:08 of 1st period - Slapshot by Matt Frattin.
12:08 of 1st period - Stopped by Niklas Svedberg with a rebound.
12:10 of 1st period - Slapshot by Ryan Hegarty.
12:10 of 1st period - Shot Blocked by Alex Petrovic.
12:12 of 1st period - Slapshot by Nicolas Deslauriers.
12:12 of 1st period - Shot Misses the Net.
12:14 of 1st period - Snap shot by Jaden Schwartz.
12:14 of 1st period - Stopped by Niklas Svedberg with a rebound.
12:16 of 1st period - Wrist shot by Jaden Schwartz.
12:16 of 1st period - Stopped by Niklas Svedberg with a rebound.
12:27 of 1st period - Off-side.
12:28 of 1st period - Petteri Nokelainen wins face-off versus Cody Hodgson in neutral zone.
13:16 of 1st period - Snap shot by Luke Adam.
13:16 of 1st period - Stopped by Jonas Gustavsson with a rebound.
13:18 of 1st period - Wrist shot by Erik Condra.
13:18 of 1st period - Shot Misses the Net.
15:03 of 1st period - Snap shot by Sergei Kostitsyn.
15:03 of 1st period - Shot Misses the Net.
15:26 of 1st period - Wrist shot by Éric Perrin.
15:26 of 1st period - Goal by Éric Perrin - Senators : 0 - Punishers : 2.
15:27 of 1st period - Vernon Fiddler wins face-off versus Éric Perrin in neutral zone.
15:55 of 1st period - Shane Sims is hit by Kris Chucko and loses puck.
16:01 of 1st period - Off-side.
16:02 of 1st period - Petteri Nokelainen wins face-off versus Cody Hodgson in neutral zone.
16:33 of 1st period - Nikita Alexeev is hit by Tanner Glass and loses puck.
16:52 of 1st period - Slapshot by Gabriel Bourque.
16:52 of 1st period - Stopped by Niklas Svedberg without a rebound.
16:53 of 1st period - Mark Olver wins face-off versus Petteri Nokelainen in Punishers zone.
16:58 of 1st period - Backhand shot by Jack Skille.
16:58 of 1st period - Deflect By Adam Pineault.
16:58 of 1st period - Stopped by Niklas Svedberg without a rebound.
16:59 of 1st period - Vernon Fiddler wins face-off versus Petteri Nokelainen in Punishers zone.
17:08 of 1st period - Snap shot by Vernon Fiddler.
17:08 of 1st period - Stopped by Niklas Svedberg with a rebound.
17:10 of 1st period - Slapshot by Vernon Fiddler.
17:10 of 1st period - Deflect By Nikita Alexeev.
17:10 of 1st period - Stopped by Niklas Svedberg without a rebound.
17:11 of 1st period - Éric Perrin wins face-off versus Vernon Fiddler in Punishers zone.
17:22 of 1st period - Slapshot by Tanner Glass.
17:22 of 1st period - Stopped by Jonas Gustavsson with a rebound.
17:24 of 1st period - Slapshot by Tanner Glass.
17:24 of 1st period - Shot Blocked by Vernon Fiddler.
17:26 of 1st period - Wrist shot by Tim Jackman.
17:26 of 1st period - Shot Blocked by Milan Jurcina.
17:42 of 1st period - Off-side.
17:43 of 1st period - Éric Perrin wins face-off versus Cody Hodgson in neutral zone.
17:54 of 1st period - Snap shot by Stanislav Chistov.
17:54 of 1st period - Stopped by Niklas Svedberg without a rebound.
17:55 of 1st period - Éric Perrin wins face-off versus Vernon Fiddler in Punishers zone.
17:57 of 1st period - Minor Penalty to Nate Prosser for Interference.
17:58 of 1st period - Vernon Fiddler wins face-off versus Éric Perrin in Punishers zone.
18:01 of 1st period - Minor Penalty to Logan Stephenson for High sticking.
18:02 of 1st period - Éric Perrin wins face-off versus Vernon Fiddler in Senators zone.
18:08 of 1st period - Slapshot by Éric Perrin.
18:08 of 1st period - Stopped by Jonas Gustavsson with a rebound.
18:10 of 1st period - Slapshot by Tim Jackman.
18:10 of 1st period - Shot Misses the Net.
18:12 of 1st period - Slapshot by Simon Despres.
18:12 of 1st period - Shot Blocked by Nikita Alexeev.
18:18 of 1st period - Snap shot by Éric Perrin.
18:18 of 1st period - Stopped by Jonas Gustavsson without a rebound.
18:19 of 1st period - Vernon Fiddler wins face-off versus Éric Perrin in Senators zone.
18:58 of 1st period - Snap shot by Sergei Kostitsyn.
18:58 of 1st period - Deflect By Cody Hodgson.
18:58 of 1st period - Stopped by Niklas Svedberg without a rebound.
18:59 of 1st period - Vernon Fiddler wins face-off versus Kris Chucko in Punishers zone.
19:24 of 1st period - Tim Jackman is hit by Sergei Kostitsyn and loses puck.
19:35 of 1st period - Snap shot by Cody Hodgson.
19:35 of 1st period - Stopped by Niklas Svedberg with a rebound.
19:57 of 1st period - Penalty to Nate Prosser is over, Nate Prosser is back on ice.
Goals for this period are 0 for Senators vs 2 for Punishers.
Shots for this period are 15 for Senators vs 13 for Punishers.
2nd period
0:01 of 2nd period - Penalty to Logan Stephenson is over, Logan Stephenson is back on ice.
0:01 of 2nd period - Éric Perrin wins face-off versus Logan Stephenson in neutral zone.
0:04 of 2nd period - Snap shot by Tanner Glass.
0:04 of 2nd period - Stopped by Jonas Gustavsson with a rebound.
0:12 of 2nd period - Snap shot by Tim Jackman.
0:12 of 2nd period - Shot Blocked by Nikita Alexeev.
0:14 of 2nd period - Backhand shot by Tanner Glass.
0:14 of 2nd period - Shot Misses the Net.
0:36 of 2nd period - Wrist shot by Adam Pineault.
0:36 of 2nd period - Stopped by Jonas Gustavsson with a rebound.
0:48 of 2nd period - Wrist shot by Mark Olver.
0:48 of 2nd period - Goal by Mark Olver - Senators : 1 - Punishers : 2.
0:49 of 2nd period - Tim Jackman wins face-off versus Vernon Fiddler in neutral zone.
1:02 of 2nd period - Snap shot by Tanner Glass.
1:02 of 2nd period - Shot Misses the Net.
1:14 of 2nd period - Nate Prosser is hit by Brett Sterling and loses puck.
1:19 of 2nd period - Wrist shot by Cody Hodgson.
1:19 of 2nd period - Shot Misses the Net.
1:35 of 2nd period - Snap shot by Nate Prosser.
1:35 of 2nd period - Stopped by Jonas Gustavsson with a rebound.
1:37 of 2nd period - Snap shot by Luke Adam.
1:37 of 2nd period - Stopped by Jonas Gustavsson with a rebound.
1:39 of 2nd period - Slapshot by Nate Prosser.
1:39 of 2nd period - Stopped by Jonas Gustavsson with a rebound.
2:07 of 2nd period - Minor Penalty to Michael Ferland for Roughing.
2:08 of 2nd period - Vernon Fiddler wins face-off versus Éric Perrin in Punishers zone.
2:12 of 2nd period - Snap shot by Vernon Fiddler.
2:12 of 2nd period - Deflect By Nikita Alexeev.
2:12 of 2nd period - Goal by Nikita Alexeev - Senators : 2 - Punishers : 2.
2:13 of 2nd period - Vernon Fiddler wins face-off versus Éric Perrin in neutral zone.
2:20 of 2nd period - Snap shot by Tanner Glass.
2:20 of 2nd period - Stopped by Jonas Gustavsson without a rebound.
2:21 of 2nd period - Vernon Fiddler wins face-off versus Éric Perrin in Senators zone.
2:55 of 2nd period - Minor Penalty to Stanislav Chistov for Hooking.
2:56 of 2nd period - Éric Perrin wins face-off versus Vernon Fiddler in Senators zone.
3:42 of 2nd period - Icing by Mike Weber.
3:43 of 2nd period - Vernon Fiddler wins face-off versus Éric Perrin in Punishers zone.
4:08 of 2nd period - Adam Pineault is hit by Martin Marincin and loses puck.
4:55 of 2nd period - Penalty to Stanislav Chistov is over, Stanislav Chistov is back on ice.
4:55 of 2nd period - Icing by Sergei Kostitsyn.
4:56 of 2nd period - Gabriel Bourque wins face-off versus Éric Perrin in Senators zone.
5:09 of 2nd period - Snap shot by Gabriel Bourque.
5:09 of 2nd period - Stopped by Niklas Svedberg with a rebound.
5:15 of 2nd period - Wrist shot by Stanislav Chistov.
5:15 of 2nd period - Stopped by Niklas Svedberg with a rebound.
5:34 of 2nd period - Wrist shot by Stanislav Chistov.
5:34 of 2nd period - Shot Blocked by Erik Condra.
5:36 of 2nd period - Slapshot by Logan Stephenson.
5:36 of 2nd period - Shot Misses the Net.
5:38 of 2nd period - Slapshot by Gabriel Bourque.
5:38 of 2nd period - Goal by Gabriel Bourque - Senators : 3 - Punishers : 2.
5:39 of 2nd period - Éric Perrin wins face-off versus Vernon Fiddler in neutral zone.
7:07 of 2nd period - Cody Hodgson is hit by Adam McQuaid and loses puck.
7:19 of 2nd period - Minor Penalty to Casey Cizikas for Hooking.
7:20 of 2nd period - Éric Perrin wins face-off versus Vernon Fiddler in Punishers zone.
7:46 of 2nd period - Éric Perrin is hit by Vernon Fiddler.
8:43 of 2nd period - Minor Penalty to Milan Jurcina for Hooking.
8:44 of 2nd period - Éric Perrin wins face-off versus Vernon Fiddler in Senators zone.
9:13 of 2nd period - Snap shot by Kris Chucko.
9:13 of 2nd period - Stopped by Jonas Gustavsson without a rebound.
9:14 of 2nd period - Tanner Glass wins face-off versus Cody Hodgson in Senators zone.
9:19 of 2nd period - Penalty to Casey Cizikas is over, Casey Cizikas is back on ice.
9:43 of 2nd period - Snap shot by Kris Chucko.
9:43 of 2nd period - Shot Misses the Net.
10:43 of 2nd period - Penalty to Milan Jurcina is over, Milan Jurcina is back on ice.
10:43 of 2nd period - Backhand shot by Nate Prosser.
10:43 of 2nd period - Shot Misses the Net.
10:45 of 2nd period - Slapshot by Justin Falk.
10:45 of 2nd period - Deflect By Milan Jurcina.
10:45 of 2nd period - Stopped by Jonas Gustavsson with a rebound.
10:47 of 2nd period - Backhand shot by Adam Pineault.
10:47 of 2nd period - Goal by Adam Pineault - Senators : 3 - Punishers : 3.
10:48 of 2nd period - Cody Hodgson wins face-off versus Luke Adam in neutral zone.
10:56 of 2nd period - Off-side.
10:57 of 2nd period - Cody Hodgson wins face-off versus Erik Condra in neutral zone.
11:38 of 2nd period - Slapshot by Erik Condra.
11:38 of 2nd period - Shot Blocked by Milan Jurcina.
11:40 of 2nd period - Slapshot by Radek Smolenak.
11:40 of 2nd period - Shot Misses the Net.
11:44 of 2nd period - Snap shot by Erik Condra.
11:44 of 2nd period - Deflect By Logan Stephenson.
11:44 of 2nd period - Stopped by Jonas Gustavsson with a rebound.
11:46 of 2nd period - Slapshot by Radek Smolenak.
11:46 of 2nd period - Stopped by Jonas Gustavsson without a rebound.
11:47 of 2nd period - Vernon Fiddler wins face-off versus Éric Perrin in Senators zone.
12:44 of 2nd period - Wrist shot by Adam Pineault.
12:44 of 2nd period - Stopped by Jonas Gustavsson with a rebound.
13:42 of 2nd period - Icing by Justin Falk.
13:43 of 2nd period - Cody Hodgson wins face-off versus Michael Ferland in Punishers zone.
14:13 of 2nd period - Slapshot by Justin Falk.
14:13 of 2nd period - Shot Misses the Net.
14:15 of 2nd period - Slapshot by Nate Prosser.
14:15 of 2nd period - Deflect By Milan Jurcina.
14:15 of 2nd period - Goal by Nate Prosser - Senators : 3 - Punishers : 4.
14:16 of 2nd period - Éric Perrin wins face-off versus Vernon Fiddler in neutral zone.
15:16 of 2nd period - Kris Chucko is hit by Martin Marincin and loses puck.
15:44 of 2nd period - Icing by Nate Prosser.
15:45 of 2nd period - Vernon Fiddler wins face-off versus Petteri Nokelainen in Punishers zone.
15:56 of 2nd period - Sergei Kostitsyn is hit by Petteri Nokelainen and loses puck.
16:22 of 2nd period - Kris Chucko is hit by Stanislav Chistov and loses puck.
16:34 of 2nd period - Icing by Nate Prosser.
16:35 of 2nd period - Éric Perrin wins face-off versus Mark Olver in Punishers zone.
16:44 of 2nd period - Tim Jackman is hit by Milan Jurcina and loses puck.
16:51 of 2nd period - Slapshot by Mark Olver.
16:51 of 2nd period - Stopped by Niklas Svedberg with a rebound.
17:28 of 2nd period - Snap shot by Brett Sterling.
17:28 of 2nd period - Shot Misses the Net.
17:30 of 2nd period - Snap shot by Cody Hodgson.
17:30 of 2nd period - Shot Misses the Net.
17:42 of 2nd period - Nate Prosser is hit by Mark Olver and loses puck.
18:01 of 2nd period - Snap shot by Casey Cizikas.
18:01 of 2nd period - Stopped by Jonas Gustavsson with a rebound.
18:03 of 2nd period - Slapshot by Bryan Rust.
18:03 of 2nd period - Shot Misses the Net.
18:09 of 2nd period - Slapshot by Casey Cizikas.
18:09 of 2nd period - Shot Misses the Net.
18:11 of 2nd period - Slapshot by Simon Despres.
18:11 of 2nd period - Shot Misses the Net.
18:13 of 2nd period - Slapshot by Simon Despres.
18:13 of 2nd period - Stopped by Jonas Gustavsson with a rebound.
18:15 of 2nd period - Wrist shot by Bryan Rust.
18:15 of 2nd period - Shot Misses the Net.
19:21 of 2nd period - Slapshot by Gabriel Bourque.
19:21 of 2nd period - Shot Misses the Net.
19:31 of 2nd period - Snap shot by Casey Cizikas.
19:31 of 2nd period - Stopped by Jonas Gustavsson with a rebound.
19:33 of 2nd period - Slapshot by Casey Cizikas.
19:33 of 2nd period - Goal by Casey Cizikas - Senators : 3 - Punishers : 5.
19:34 of 2nd period - Tanner Glass wins face-off versus Vernon Fiddler in neutral zone.
19:40 of 2nd period - Milan Jurcina is hit by Tim Jackman and loses puck.
Goals for this period are 3 for Senators vs 3 for Punishers.
Shots for this period are 6 for Senators vs 17 for Punishers.
3rd period
0:01 of 3rd period - Éric Perrin wins face-off versus Vernon Fiddler in neutral zone.
0:04 of 3rd period - Logan Stephenson is hit by Éric Perrin and loses puck.
0:12 of 3rd period - Logan Stephenson is hit by Mike Weber and loses puck.
0:25 of 3rd period - Adam McQuaid is hit by Milan Jurcina and loses puck.
0:32 of 3rd period - Slapshot by Stanislav Chistov.
0:32 of 3rd period - Shot Blocked by Mike Weber.
0:34 of 3rd period - Slapshot by Shane Sims.
0:34 of 3rd period - Shot Blocked by Mike Weber.
1:26 of 3rd period - Slapshot by Casey Cizikas.
1:26 of 3rd period - Deflect By Bryan Rust.
1:26 of 3rd period - Stopped by Jonas Gustavsson without a rebound.
1:27 of 3rd period - Nick Bjugstad wins face-off versus Casey Cizikas in Senators zone.
1:33 of 3rd period - Off-side.
1:34 of 3rd period - Vernon Fiddler wins face-off versus Éric Perrin in neutral zone.
2:02 of 3rd period - Logan Stephenson is hit by Simon Despres and loses puck.
2:05 of 3rd period - Slapshot by Milan Jurcina.
2:05 of 3rd period - Deflect By Stanislav Chistov.
2:05 of 3rd period - Shot Misses the Net.
2:05 of 3rd period - Puck is out of play.
2:06 of 3rd period - Cody Hodgson wins face-off versus Éric Perrin in Punishers zone.
2:07 of 3rd period - Wrist shot by Stanislav Chistov.
2:07 of 3rd period - Goal by Stanislav Chistov - Senators : 4 - Punishers : 5.
2:08 of 3rd period - Tim Jackman wins face-off versus Vernon Fiddler in neutral zone.
2:20 of 3rd period - Snap shot by Nikita Alexeev.
2:20 of 3rd period - Stopped by Niklas Svedberg with a rebound.
2:58 of 3rd period - Slapshot by Logan Stephenson.
2:58 of 3rd period - Stopped by Niklas Svedberg without a rebound.
2:59 of 3rd period - Éric Perrin wins face-off versus Matt Frattin in Punishers zone.
2:59 of 3rd period - Éric Perrin is hit by Nick Bjugstad.
3:18 of 3rd period - Minor Penalty to Tanner Glass for Slashing.
3:19 of 3rd period - Éric Perrin wins face-off versus Vernon Fiddler in Punishers zone.
4:02 of 3rd period - Logan Stephenson is hit by Tim Jackman and loses puck.
4:11 of 3rd period - Slapshot by Milan Jurcina.
4:11 of 3rd period - Goal by Milan Jurcina - Senators : 5 - Punishers : 5.
4:12 of 3rd period - Petteri Nokelainen wins face-off versus Vernon Fiddler in neutral zone.
4:17 of 3rd period - Backhand shot by Petteri Nokelainen.
4:17 of 3rd period - Shot Misses the Net.
4:23 of 3rd period - Adam McQuaid is hit by Sergei Kostitsyn and loses puck.
4:38 of 3rd period - Mike Weber is hit by Ryan Hegarty and loses puck.
4:45 of 3rd period - Slapshot by Nate Prosser.
4:45 of 3rd period - Shot Blocked by Ryan Hegarty.
4:47 of 3rd period - Snap shot by Adam Pineault.
4:47 of 3rd period - Shot Misses the Net.
4:49 of 3rd period - Snap shot by Adam Pineault.
4:49 of 3rd period - Stopped by Jonas Gustavsson without a rebound.
4:50 of 3rd period - Éric Perrin wins face-off versus Sergei Kostitsyn in Senators zone.
4:51 of 3rd period - Slapshot by Tanner Glass.
4:51 of 3rd period - Stopped by Jonas Gustavsson with a rebound.
4:53 of 3rd period - Slapshot by Justin Falk.
4:53 of 3rd period - Deflect By Tim Jackman.
4:53 of 3rd period - Stopped by Jonas Gustavsson with a rebound.
4:55 of 3rd period - Wrist shot by Nate Prosser.
4:55 of 3rd period - Shot Misses the Net.
5:15 of 3rd period - Erik Condra is hit by Cody Hodgson.
5:48 of 3rd period - Minor Penalty to Gabriel Bourque for Roughing.
5:49 of 3rd period - Vernon Fiddler wins face-off versus Éric Perrin in Senators zone.
6:04 of 3rd period - Off-side.
6:05 of 3rd period - Éric Perrin wins face-off versus Vernon Fiddler in neutral zone.
6:10 of 3rd period - Snap shot by Tanner Glass.
6:10 of 3rd period - Shot Misses the Net.
6:46 of 3rd period - Slapshot by Cody Hodgson.
6:46 of 3rd period - Deflect By Sergei Kostitsyn.
6:46 of 3rd period - Stopped by Niklas Svedberg with a rebound.
7:47 of 3rd period - Icing by Éric Perrin.
7:48 of 3rd period - Penalty to Gabriel Bourque is over, Gabriel Bourque is back on ice.
7:48 of 3rd period - Mark Olver wins face-off versus Éric Perrin in Punishers zone.
7:51 of 3rd period - Wrist shot by Gabriel Bourque.
7:51 of 3rd period - Shot Misses the Net.
7:53 of 3rd period - Snap shot by Gabriel Bourque.
7:53 of 3rd period - Goal by Gabriel Bourque - Senators : 6 - Punishers : 5.
7:54 of 3rd period - Vernon Fiddler wins face-off versus Petteri Nokelainen in neutral zone.
8:03 of 3rd period - Wrist shot by Nikita Alexeev.
8:03 of 3rd period - Shot Blocked by Adam Pineault.
8:05 of 3rd period - Slapshot by Milan Jurcina.
8:05 of 3rd period - Stopped by Niklas Svedberg without a rebound.
8:06 of 3rd period - Vernon Fiddler wins face-off versus Éric Perrin in Punishers zone.
8:09 of 3rd period - Wrist shot by Vernon Fiddler.
8:09 of 3rd period - Shot Misses the Net.
8:11 of 3rd period - Backhand shot by Milan Jurcina.
8:11 of 3rd period - Stopped by Niklas Svedberg with a rebound.
8:13 of 3rd period - Slapshot by Logan Stephenson.
8:13 of 3rd period - Shot Blocked by Nate Prosser.
8:15 of 3rd period - Backhand shot by Milan Jurcina.
8:15 of 3rd period - Stopped by Niklas Svedberg with a rebound.
8:17 of 3rd period - Slapshot by Logan Stephenson.
8:17 of 3rd period - Deflect By Vernon Fiddler.
8:17 of 3rd period - Shot Misses the Net.
8:17 of 3rd period - Puck is out of play.
8:18 of 3rd period - Vernon Fiddler wins face-off versus Éric Perrin in Punishers zone.
8:31 of 3rd period - Wrist shot by Logan Stephenson.
8:31 of 3rd period - Shot Blocked by Justin Falk.
8:33 of 3rd period - Backhand shot by Milan Jurcina.
8:33 of 3rd period - Deflect By Nikita Alexeev.
8:33 of 3rd period - Stopped by Niklas Svedberg with a rebound.
8:50 of 3rd period - Wrist shot by Jack Skille.
8:50 of 3rd period - Stopped by Niklas Svedberg without a rebound.
8:51 of 3rd period - Petteri Nokelainen wins face-off versus Vernon Fiddler in Punishers zone.
9:07 of 3rd period - Off-side.
9:08 of 3rd period - Éric Perrin wins face-off versus Cody Hodgson in neutral zone.
9:11 of 3rd period - Logan Stephenson is hit by Éric Perrin and loses puck.
9:22 of 3rd period - Backhand shot by Cody Hodgson.
9:22 of 3rd period - Stopped by Niklas Svedberg without a rebound.
9:23 of 3rd period - Petteri Nokelainen wins face-off versus Vernon Fiddler in Punishers zone.
10:29 of 3rd period - Nate Prosser is hit by Shane Sims and loses puck.
10:34 of 3rd period - Slapshot by Matt Frattin.
10:34 of 3rd period - Stopped by Niklas Svedberg with a rebound.
10:36 of 3rd period - Slapshot by Jaden Schwartz.
10:36 of 3rd period - Stopped by Niklas Svedberg with a rebound.
10:38 of 3rd period - Slapshot by Nicolas Deslauriers.
10:38 of 3rd period - Deflect By Nick Bjugstad.
10:38 of 3rd period - Goal by Nick Bjugstad - Senators : 7 - Punishers : 5.
10:39 of 3rd period - Éric Perrin wins face-off versus Vernon Fiddler in neutral zone.
11:01 of 3rd period - Minor Penalty to Tanner Glass for Holding.
11:02 of 3rd period - Vernon Fiddler wins face-off versus Éric Perrin in Punishers zone.
11:09 of 3rd period - Snap shot by Nikita Alexeev.
11:09 of 3rd period - Shot Blocked by Tim Jackman.
11:11 of 3rd period - Snap shot by Logan Stephenson.
11:11 of 3rd period - Stopped by Niklas Svedberg without a rebound.
11:12 of 3rd period - Éric Perrin wins face-off versus Vernon Fiddler in Punishers zone.
12:33 of 3rd period - Mike Weber is hit by Nikita Alexeev and loses puck.
13:01 of 3rd period - Penalty to Tanner Glass is over, Tanner Glass is back on ice.
13:09 of 3rd period - Icing by Erik Condra.
13:10 of 3rd period - Luke Adam wins face-off versus Mark Olver in Punishers zone.
13:15 of 3rd period - Ryan Hegarty is hit by Erik Condra and loses puck.
13:22 of 3rd period - Slapshot by Erik Condra.
13:22 of 3rd period - Stopped by Jonas Gustavsson with a rebound.
13:24 of 3rd period - Slapshot by Adam McQuaid.
13:24 of 3rd period - Deflect By Erik Condra.
13:24 of 3rd period - Stopped by Jonas Gustavsson with a rebound.
13:36 of 3rd period - Slapshot by Adam Pineault.
13:36 of 3rd period - Stopped by Jonas Gustavsson without a rebound.
13:37 of 3rd period - Petteri Nokelainen wins face-off versus Nick Bjugstad in Senators zone.
14:28 of 3rd period - Wrist shot by Bryan Rust.
14:28 of 3rd period - Stopped by Jonas Gustavsson with a rebound.
14:34 of 3rd period - Backhand shot by Michael Ferland.
14:34 of 3rd period - Stopped by Jonas Gustavsson without a rebound.
14:35 of 3rd period - Éric Perrin wins face-off versus Cody Hodgson in Senators zone.
15:01 of 3rd period - Minor Penalty to Adam Pineault for Hooking.
15:02 of 3rd period - Éric Perrin wins face-off versus Vernon Fiddler in Punishers zone.
15:51 of 3rd period - Mike Weber is hit by Brett Sterling and loses puck.
16:43 of 3rd period - Nate Prosser is hit by Brett Sterling and loses puck.
16:54 of 3rd period - Snap shot by Cody Hodgson.
16:54 of 3rd period - Goal by Cody Hodgson - Senators : 8 - Punishers : 5.
16:55 of 3rd period - Éric Perrin wins face-off versus Vernon Fiddler in neutral zone.
17:22 of 3rd period - Gabriel Bourque is hit by Kris Chucko and loses puck.
17:43 of 3rd period - Slapshot by Nate Prosser.
17:43 of 3rd period - Deflect By Matt Frattin.
17:43 of 3rd period - Stopped by Jonas Gustavsson with a rebound.
17:54 of 3rd period - Michael Ferland is hit by Nick Bjugstad and loses puck.
18:12 of 3rd period - Simon Despres is hit by Ryan Hegarty and loses puck.
18:59 of 3rd period - Shane Sims is hit by Simon Despres and loses puck.
19:10 of 3rd period - Nikita Alexeev is hit by Erik Condra and loses puck.
19:21 of 3rd period - Adam McQuaid is hit by Martin Marincin and loses puck.
Goals for this period are 5 for Senators vs 0 for Punishers.
Shots for this period are 17 for Senators vs 10 for Punishers.
Output by the SimonT Hockey Simulator (STHS) for François Prévost -- Original Page W3C XHTML 1.0 Valid